 Dungeon Crawl Stone Soup version 0.31.0-11-ge490571c62 (webtiles) character file.

Game seed: 1387586256707451895

119 qw the Ducker (level 4, -5/23 HPs)
             Began as a Spriggan Hunter on Feb 4, 2024.
             Slain by an orc
             ... wielding a +0 war axe
              (8 damage)
             ... on level 3 of the Dungeon.
             The game lasted 00:00:05 (1090 turns).

qw the Ducker (Spriggan Hunter)                     Turns: 1090, Time: 00:00:05

Health: -5/23      AC:  2    Str:  9      XL:     4   Next: 74%
Magic:  5/5        EV: 20    Int: 10      God:
Gold:   130        SH:  0    Dex: 19 (20) Spells: 3/3 levels left

rFire   . . .        a - +0 shortbow (drain)
rCold   . . .        (shield currently unavailable)
rNeg    + + .        h - +0 robe of Doih {+Inv rN++ Str+2}
rPois   .            (helmet restricted)
rElec   .            (no cloak)
rCorr   .            (gloves unavailable)
SInv    +            (boots unavailable)
Will    .....        (no amulet)
Stlth   ++           (no ring)
HPRegen 0.23/turn    (no ring)
MPRegen 0.09/turn

%: no passive effects
@: about to teleport, very quick
A: very small, no large weapons, unfitting armour, see invisible, speed 3,
evolution 1
a: Evoke Invisibility


You were on level 3 of the Dungeon.
You visited 1 branch of the dungeon, and saw 3 of its levels.

You collected 130 gold pieces.


Innate Abilities, Weirdness & Mutations

You are very small and have problems with some larger weapons.
You are too small for most types of armour.
You have supernaturally acute eyesight. (SInv)
You cover ground extremely quickly. (Speed+++)
You have hidden genetic potential.


   Skills:
 + Level 1.7 Fighting
 - Level 5.0 Ranged Weapons
 - Level 5.2 Dodging
 - Level 1.5 Stealth


You had 3 spell levels left.
You didn't know any spells.
Your spell library was empty.

Inventory:

Hand Weapons
 a - a +0 shortbow of draining (weapon)
Armour
 h - the +0 robe of Doih (worn) {+Inv rN++ Str+2}
   (You found it on level 2 of the Dungeon)

   Str+2:     It affects your strength (+2).
   rN++:      It greatly protects you from negative energy.
   +Inv:      It lets you turn invisible.
Scrolls
 b - 3 scrolls of teleportation
Potions
 e - a potion of mutation

Dungeon Overview and Level Annotations

Branches:
Dungeon (3/15)

Altars:

Annotations:
D:1 1 transporter
D:2 1 runed translucent door, Crazy Yiuf


Message History

The orc is almost dead.
An orc wizard comes into view. It is wielding a +0 dagger.
The orc misses you.
You shoot an arrow. The arrow hits the orc!
You kill the orc!
A bat comes into view.
The orc wizard casts a spell.
The orc wizard flickers and vanishes for a moment.
You shoot an arrow.
The arrow hits the giant cockroach but does no damage.
The giant cockroach closely misses you.
The giant cockroach completely misses you.
You shoot an arrow. The arrow hits the giant cockroach.
You kill the giant cockroach!
A bat comes into view.
The bat hits you but does no damage.
The bat moves out of view.
You shoot an arrow. The arrow misses the bat.
The arrow closely misses the orc.
The bat hits you.
You shoot an arrow. The arrow hits the bat!
You kill the bat!
You shoot an arrow. The arrow hits the orc.
The orc is heavily wounded.
The orc misses you.
You shoot an arrow.
The arrow hits the orc but does no damage.
You drain the orc.
The orc is almost dead.
The orc misses you.
You shoot an arrow. The arrow barely misses the orc.
The arrow hits the orc.
You kill the orc!
The orc barely misses you.
You shoot an arrow.
The arrow hits the orc but does no damage.
The orc is almost dead.
The orc hits you with a +0 war axe!
1090 ||| READING 4 scrolls of teleportation.
As you read the scroll of teleportation, it crumbles to dust.
You feel strangely unstable. The orc hits you with a +0 war axe!
You die...

.......<#
##......##
#..#.....#
. #####.#
#># #.# #.#
#..######.#
.....oo@..#
...).)#####
....b ...[
.>. .. .


You could see an orc wizard (invisible), an orc (very drained) and a bat.

Vanquished Creatures
  Jessica (D:2)
  3 adders (D:2)
  2 orcs (D:3)
  2 bats
  3 endoplasms
  3 giant cockroaches
  8 goblins
  8 hobgoblins
  2 jackals (D:1)
  4 ball pythons
  5 kobolds
  3 rats
44 creatures vanquished.

Vanquished Creatures (others)
  An orc wizard (D:3)
1 creature vanquished.

Grand Total: 45 creatures vanquished

Notes
Turn   | Place    | Note
-------+----------+-------------------------------------------
     0 | D:1      | qw the Spriggan Hunter began the quest for the Orb.
     0 | D:1      | Reached XP level 1. HP: 10/10 MP: 2/2
     0 | D:1      | 0 ||| qw: Version: 0.3-a-160-g6735b56
     0 | D:1      | 0 ||| qw: Game counter: 5048
     0 | D:1      | 0 ||| qw: Melee chars always use a shield: true
     0 | D:1      | 0 ||| qw: God list: Okawaru
     0 | D:1      | 0 ||| qw: Allow faded altars: false
     0 | D:1      | 0 ||| qw: Do Orc after clearing Dungeon:15 true
     0 | D:1      | 0 ||| qw: Do second Lair branch before Depths: true
     0 | D:1      | 0 ||| qw: Lair rune preference: random
     0 | D:1      | 0 ||| qw: Goals: Normal
     0 | D:1      | 0 ||| PLANNING D:1-11
    42 | D:1      | Reached skill level 3 in Dodging
    88 | D:1      | Reached XP level 2. HP: 14/14 MP: 3/3
   206 | D:1      | HP: 2/14 [hobgoblin/+0 dagger (3)]
   211 | D:1      | HP: 1/14 [hobgoblin/+0 dagger (2)]
   463 | D:1      | 463 ||| READING 2 scrolls labelled LOXZIZ TOIPS.
   464 | D:1      | 464 ||| READING scroll labelled BYT XU LIDGHEVO.
   465 | D:1      | 465 ||| READING scroll labelled GIXOME SIOXIX.
   465 | D:1      | 465 ||| IDENTIFYING coppery potion
   466 | D:1      | 466 ||| READING scroll labelled ESHROM FIEWKITSOIMA.
   470 | D:1      | 470 ||| DRINKING 2 bubbling dark potions.
   471 | D:1      | 471 ||| DROPPING scroll of butterflies.
   472 | D:1      | 472 ||| DROPPING potion of ambrosia.
   473 | D:1      | 473 ||| DROPPING potion of degeneration.
   474 | D:1      | 474 ||| DROPPING scroll of immolation.
   497 | D:2      | Reached XP level 3. HP: 18/18 MP: 4/4
   700 | D:2      | Noticed Jessica
   704 | D:2      | Killed Jessica
   705 | D:2      | Reached XP level 4. HP: 22/22 MP: 5/5
   995 | D:2      | Identified the +0 robe of Doih {+Inv rN++ Str+2}
  1005 | D:2      | Found a runed translucent door.
  1006 | D:2      | Noticed Crazy Yiuf
  1009 | D:2      | 1009 ||| UPGRADING to +0 robe of Doih {+Inv rN++ Str+2}.
  1019 | D:2      | 1019 ||| DROPPING +0 robe.
  1020 | D:2      | 1020 ||| READING scroll of identify.
  1020 | D:2      | 1020 ||| IDENTIFYING fizzy golden potion
  1021 | D:2      | 1021 ||| READING scroll labelled YVIMAPL GEHYTE.
  1021 | D:2      | 1021 ||| BRANDING +0 shortbow.
  1022 | D:2      | 1022 ||| DRINKING 2 metallic golden potions.
  1022 | D:2      | Gained mutation: You have hidden genetic potential. [potion
                  | of mutation]
  1023 | D:2      | 1023 ||| DROPPING potion of brilliance.
  1057 | D:3      | 1057 ||| PLANNING SEWER
  1089 | D:3      | HP: 3/23 [orc/+0 war axe (11)]
  1090 | D:3      | 1090 ||| READING 4 scrolls of teleportation.
  1090 | D:3      | Slain by an orc

Levels and vault maps discovered:
D:1:      spicycebolla_arrival_risky_transporter, layout_rooms,
          minmay_misc_feat_tiny, reono_crystal_passage, st_stairs_8
D:2:      layout_basic, uniq_jessica, uniq_crazy_yiuf_cottage
D:3:      kennysheep_six_static_rooms, layout_rooms, nzn_hepliaklqana_mist_gate,
          cheibrodos_sewer_entry_sluice

Skill      XL: |  1  2  3  4 |
---------------+-------------+-----
Dodging        | 3 4 5 |  5.2
Ranged Weapons | 5 |  5.0
Fighting       | |  1.7
Stealth        | |  1.5

Action                     |  1- 3 |  4- 6 || total
---------------------------+-------+-------++-------
   Fire: Shortbow          |   113 |    30 ||   143
    Use: Scroll            |     4 |     3 ||     7
         Potion            |     1 |     1 ||     2
 Armour: Robe              |    16 |     9 ||    25
  Dodge: Dodged            |    46 |     9 ||    55

Table legend:
 A = Non-vault XP
 B = Vault XP
 C = Vault XP percentage of total XP
 D = Non-vault monster count
 E = Vault monster count
 F = Vault count percentage of total count
                 A         B        C        D         E       F
            +---------+---------+-------+---------+---------+-------
      Total |     133 |      38 |  22.2 |      43 |       2 |   4.4
            +---------+---------+-------+---------+---------+-------
        D:1 |      34 |       1 |   2.9 |      19 |       1 |   5.0
        D:2 |      61 |      37 |  37.8 |      15 |       1 |   6.2
        D:3 |      38 |       0 |   0.0 |       9 |       0 |   0.0
            +---------+---------+-------+---------+---------+-------
